SAA
PROVIDENCE PILGRIMS @ OTTAWA NATIONALS
05/20/2042
 
TOP OF THE 1ST
Providence Pilgrims batting - Pitching for Ottawa Nationals : LHP Manu Jortikka
Pitching: LHP Manu Jortikka
Batting: RHB Keith Lynn 0-0: Called Strike
0-1: Swinging Strike
0-2: Ground out 4-3 (Groundball, 4MS, EV 90.0 MPH)
Batting: RHB Julián Vélez 0-0: Foul Ball, location: 2F
0-1: Ball
1-1: Reached on error, E5 (Groundball, 56, EV 86.2 MPH)
Batting: RHB Barend Huijbregts 0-0: Called Strike
0-1: Ball
1-1: Swinging Strike
1-2: Ball
2-2: 2-RUN HOME RUN (Flyball, 78XD, EV 98.1 MPH), Distance : 404 ft
Batting: RHB Carlos González 0-0: Ball
1-0: Ball
2-0: Fly out, F8 (Flyball, 8RXD, EV 103.1 MPH)
Batting: RHB Chris Hall 0-0: Ball
1-0: Ground out 4-3 (Groundball, 4M, EV 107.5 MPH)
Top of the 1st over - 2 runs, 1 hit, 1 error, 0 left on base; Providence 2 - Ottawa 0
BOTTOM OF THE 1ST
Ottawa Nationals batting - Pitching for Providence Pilgrims : RHP John St. John
Pitching: RHP John St. John
Batting: LHB Knox Loposer 0-0: Foul Ball, location: 2F
0-1: Foul Ball, location: 2F
0-2: Foul Ball, location: 2F
0-2: Ball
1-2: Foul Ball, location: 2F
1-2: Fly out, F7 (Line Drive, 7D, EV 108.8 MPH)
Batting: SHB Aristotle Auer 0-0: Ball
1-0: Swinging Strike
1-1: Ball
2-1: Ground out U3 (Groundball, 3L, EV 87.5 MPH)
Batting: SHB Marcos Román 0-0: Called Strike
0-1: Foul Ball, location: 2F
0-2: Foul Ball, location: 2F
0-2: Foul Ball, location: 2F
0-2: Ground out 4-3 (Groundball, 4M, EV 81.2 MPH)
Bottom of the 1st over - 0 runs, 0 hits, 0 errors, 0 left on base; Providence 2 - Ottawa 0
TOP OF THE 2ND
Providence Pilgrims batting - Pitching for Ottawa Nationals : LHP Manu Jortikka
Batting: RHB Frank Ray 0-0: Called Strike
0-1: Swinging Strike
0-2: Strikes out swinging
Batting: LHB César Valtez 0-0: Ground out 4-3 (Groundball, 34D, EV 107.5 MPH)
Batting: RHB Allen Kelley 0-0: Ball
1-0: Called Strike
1-1: Swinging Strike
1-2: Foul Ball, location: 2F
1-2: Ball
2-2: Ball
3-2: Base on Balls
Batting: RHB Jesse McCoy 0-0: Ball
1-0: Swinging Strike
1-1: Hit by Pitch
Allen Kelley to second
Batting: RHB Keith Lynn 0-0: Ball
1-0: Ball
2-0: Ball
3-0: Base on Balls
Allen Kelley to third
Jesse McCoy to second
Batting: RHB Julián Vélez 0-0: Swinging Strike
0-1: GRAND SLAM HOME RUN (Flyball, 9LD, EV 92.5 MPH), Distance : 344 ft
Batting: RHB Barend Huijbregts 0-0: Ball
1-0: Foul Ball, location: 2F
1-1: Ball
2-1: Ball
3-1: Called Strike
3-2: SINGLE (Line Drive, 4D, EV 99.4 MPH)
Batting: RHB Carlos González 0-0: Called Strike
0-1: Ball
1-1: SINGLE (Groundball, 34, EV 101.2 MPH)
Barend Huijbregts to second
Runner from 2nd tries for 3rd, SAFE, no throw by RF
Batting: RHB Chris Hall 0-0: Called Strike
0-1: Ball
1-1: Foul Ball, location: 2F
1-2: SINGLE (Groundball, 4MD, EV 103.1 MPH)
Barend Huijbregts scores
Carlos González to second
Runner from 2nd tries for 3rd, SAFE, throw by CF made to third
Batting: RHB Frank Ray 0-0: Called Strike
0-1: Foul Ball, location: 2F
0-2: Ball
1-2: Strikes out swinging
Top of the 2nd over - 5 runs, 4 hits, 0 errors, 2 left on base; Providence 7 - Ottawa 0
BOTTOM OF THE 2ND
Ottawa Nationals batting - Pitching for Providence Pilgrims : RHP John St. John
Batting: RHB Imbart Baars 0-0: Called Strike
0-1: Ball
1-1: Ball
2-1: Called Strike
2-2: Fly out, F7 (Flyball, 7LS, EV 91.2 MPH)
Batting: LHB Tony McMillan 0-0: Ball
1-0: Called Strike
1-1: Ground out 4-3 (Groundball, 34, EV 89.4 MPH)
Batting: RHB Hulama Yani 0-0: Ball
1-0: Ball
2-0: Foul Ball, location: 2F
2-1: Swinging Strike
2-2: Foul Ball, location: 2F
2-2: Ground out 5-3 (Groundball, 56S, EV 71.9 MPH)
Bottom of the 2nd over - 0 runs, 0 hits, 0 errors, 0 left on base; Providence 7 - Ottawa 0
TOP OF THE 3RD
Providence Pilgrims batting - Pitching for Ottawa Nationals : LHP Manu Jortikka
Batting: LHB César Valtez 0-0: Foul Ball, location: 2F
0-1: Called Strike
0-2: Foul Ball, location: 2F
0-2: Strikes out looking
Batting: RHB Allen Kelley 0-0: Swinging Strike
0-1: Foul Ball, location: 2F
0-2: Foul Ball, location: 2F
0-2: Strikes out looking
Batting: RHB Jesse McCoy 0-0: Ball
1-0: Ground out U3 (Groundball, 34, EV 80.6 MPH)
Top of the 3rd over - 0 runs, 0 hits, 0 errors, 0 left on base; Providence 7 - Ottawa 0
BOTTOM OF THE 3RD
Ottawa Nationals batting - Pitching for Providence Pilgrims : RHP John St. John
Batting: RHB Michael Collier 0-0: Ball
1-0: Ball
2-0: Ball
3-0: Base on Balls
Batting: RHB Joe Padilla 0-0: Swinging Strike
0-1: Ball
1-1: Reached on error, E9 (Line Drive, 9, EV 93.1 MPH)
Michael Collier to third
Batting: RHB Nobuhiko Ohayashi 0-0: Called Strike
0-1: Ball
1-1: Fly out, F9 (Flyball, 89M, EV 97.5 MPH)
Batting: LHB Knox Loposer 0-0: Called Strike
0-1: Foul Ball, location: 2F
0-2: Ball
1-2: Foul Ball, location: 2F
1-2: Ground out 3-1 (Groundball, 34, EV 89.4 MPH)
Michael Collier scores
Joe Padilla to third
Batting: SHB Aristotle Auer 0-0: Ball
1-0: Called Strike
1-1: Ground out 4-3 (Groundball, 4, EV 81.2 MPH)
Bottom of the 3rd over - 1 run, 0 hits, 1 error, 1 left on base; Providence 7 - Ottawa 1
TOP OF THE 4TH
Providence Pilgrims batting - Pitching for Ottawa Nationals : LHP Manu Jortikka
Batting: RHB Keith Lynn 0-0: Foul Ball, location: 2F
0-1: Ball
1-1: Foul Ball, location: 2F
1-2: SINGLE (Groundball, 4S, EV 75.0 MPH) (infield hit)
Batting: RHB Julián Vélez 0-0: Grounds into double play, 4-6-3 (Groundball, 4, EV 96.2 MPH)
Batting: RHB Barend Huijbregts 0-0: Ball
1-0: Called Strike
1-1: Swinging Strike
1-2: Hit by Pitch
Batting: RHB Carlos González 0-0: Ball
1-0: Ball
2-0: Ball
3-0: Called Strike
3-1: SINGLE (Groundball, 6MD, EV 110.6 MPH)
Barend Huijbregts to second
Batting: RHB Chris Hall 0-0: Called Strike
0-1: Swinging Strike
0-2: Ball
1-2: Strikes out swinging
Top of the 4th over - 0 runs, 2 hits, 0 errors, 2 left on base; Providence 7 - Ottawa 1
BOTTOM OF THE 4TH
Ottawa Nationals batting - Pitching for Providence Pilgrims : RHP John St. John
Batting: SHB Marcos Román 0-0: Ball
1-0: Ball
2-0: Foul Ball, location: 2F
2-1: Ball
3-1: Called Strike
3-2: Base on Balls
Batting: RHB Imbart Baars 0-0: Called Strike
0-1: Called Strike
0-2: Ball
1-2: Fly out, F7 (Line Drive, 7D, EV 98.8 MPH)
Batting: LHB Tony McMillan 0-0: Ball
1-0: Ball
2-0: Called Strike
2-1: Swinging Strike
2-2: Fly out, F9 (Flyball, 89S, EV 80.6 MPH)
Batting: RHB Hulama Yani 0-0: Foul Ball, location: 2F
0-1: Ball
1-1: Ball
Marcos Román steals 2nd base
2-1: SINGLE (Line Drive, 9S, EV 102.5 MPH)
Marcos Román to third
Batting: RHB Michael Collier 0-0: Called Strike
0-1: Ball
1-1: Called Strike
1-2: Foul Ball, location: 2F
1-2: Foul Ball, location: 2F
1-2: Ball
2-2: Reached on error, E5 (Groundball, 56, EV 90.6 MPH)
Marcos Román scores
Hulama Yani to second
Batting: RHB Joe Padilla 0-0: Called Strike
0-1: Swinging Strike
0-2: Ball
1-2: Foul Ball, location: 2F
1-2: Foul Ball, location: 2F
1-2: Ball
2-2: Foul Ball, location: 2F
2-2: Fly out, F8 (Flyball, 89D, EV 89.4 MPH)
Bottom of the 4th over - 1 run, 1 hit, 1 error, 2 left on base; Providence 7 - Ottawa 2
TOP OF THE 5TH
Providence Pilgrims batting - Pitching for Ottawa Nationals : LHP Manu Jortikka
Batting: RHB Frank Ray 0-0: Foul Ball, location: 2F
0-1: Called Strike
0-2: Strikes out swinging
Batting: LHB César Valtez 0-0: Called Strike
0-1: Ball
1-1: Ball
2-1: Ball
3-1: Foul Ball, location: 2F
3-2: Fly out, F7 (Flyball, 7LM, EV 101.9 MPH)
Batting: RHB Allen Kelley 0-0: Ball
1-0: Called Strike
1-1: Ball
2-1: Foul Ball, location: 2F
2-2: Ball
3-2: Foul Ball, location: 2F
3-2: Ground out 6-3 (Groundball, 6, EV 87.5 MPH)
Top of the 5th over - 0 runs, 0 hits, 0 errors, 0 left on base; Providence 7 - Ottawa 2
BOTTOM OF THE 5TH
Ottawa Nationals batting - Pitching for Providence Pilgrims : RHP John St. John
Batting: RHB Nobuhiko Ohayashi 0-0: Called Strike
0-1: Ball
1-1: Foul Ball, location: 2F
1-2: Ball
2-2: Fly out, F8 (Flyball, 78M, EV 90.6 MPH)
Batting: LHB Knox Loposer 0-0: Foul Ball, location: 2F
0-1: Ball
1-1: Ground out U3 (Groundball, 34, EV 100.6 MPH)
Batting: SHB Aristotle Auer 0-0: Ball
1-0: Foul Ball, location: 2F
1-1: Ball
2-1: Ball
3-1: Base on Balls
Batting: SHB Marcos Román 0-0: Called Strike
0-1: Ball
1-1: Ball
2-1: Ball
3-1: Called Strike
3-2: Foul Ball, location: 2F
3-2: Ground out 3-1 (Groundball, 34S, EV 86.9 MPH)
Bottom of the 5th over - 0 runs, 0 hits, 0 errors, 1 left on base; Providence 7 - Ottawa 2
TOP OF THE 6TH
Providence Pilgrims batting - Pitching for Ottawa Nationals : LHP Manu Jortikka
Batting: RHB Jesse McCoy 0-0: Ball
1-0: Ball
2-0: Ball
3-0: Base on Balls
Pitching: RHP Kunimatsu Evans
Batting: RHB Keith Lynn 0-0: Ball
1-0: Ball
2-0: Ball
3-0: Called Strike
3-1: Base on Balls
Jesse McCoy to second
Batting: RHB Julián Vélez 0-0: Fly out, F8 (Flyball, 8LD, EV 83.1 MPH)
Runner from 2nd tags up, SAFE at 3rd with throw by CF
Pitching: LHP Errol Young
Batting: RHB Barend Huijbregts 0-0: Ball
Keith Lynn is caught stealing 2nd base 2-4
1-0: Foul Ball, location: 2F
1-1: Fly out, F9 (Line Drive, 9, EV 91.9 MPH)
Top of the 6th over - 0 runs, 0 hits, 0 errors, 1 left on base; Providence 7 - Ottawa 2
BOTTOM OF THE 6TH
Ottawa Nationals batting - Pitching for Providence Pilgrims : RHP John St. John
Pitching: LHP Teika Suto
Batting: RHB Imbart Baars 0-0: Foul Ball, location: 2F
0-1: Ball
1-1: Ball
2-1: Foul Ball, location: 2F
2-2: Ball
3-2: Strikes out swinging
Batting: LHB Tony McMillan 0-0: Ball
1-0: Called Strike
1-1: Ball
2-1: Fly out, F9 (Flyball, 9D, EV 75.0 MPH)
Batting: RHB Hulama Yani 0-0: Ball
1-0: Ball
2-0: Ball
3-0: Called Strike
3-1: Called Strike
3-2: Foul Ball, location: 2F
3-2: Fly out, F1 (Popup, P, EV 81.9 MPH)
Bottom of the 6th over - 0 runs, 0 hits, 0 errors, 0 left on base; Providence 7 - Ottawa 2
TOP OF THE 7TH
Providence Pilgrims batting - Pitching for Ottawa Nationals : LHP Errol Young
Batting: RHB Carlos González 0-0: Ball
1-0: Ball
2-0: Ball
3-0: Base on Balls
Batting: RHB Chris Hall 0-0: Called Strike
0-1: Ball
1-1: SINGLE (Groundball, 56D, EV 93.8 MPH)
Carlos González to second
Pitching: RHP Jim Maxwell
Batting: RHB Frank Ray 0-0: Ball
1-0: Sac Bunt to 2R - play at first, batter OUT! 2-4
Carlos González to third
Chris Hall to second
Pitching: RHP Travis Conklin
Batting: LHB César Valtez 0-0: Called Strike
0-1: Ball
1-1: Called Strike
1-2: Fly out, F4 (Line Drive, 4, EV 68.1 MPH)
Batting: RHB Allen Kelley 0-0: Ground out 4-3 (Groundball, 4, EV 109.4 MPH)
Top of the 7th over - 0 runs, 1 hit, 0 errors, 2 left on base; Providence 7 - Ottawa 2
BOTTOM OF THE 7TH
Ottawa Nationals batting - Pitching for Providence Pilgrims : LHP Teika Suto
Batting: RHB Michael Collier 0-0: Called Strike
0-1: Ground out 6-3 (Groundball, 6, EV 101.9 MPH)
Batting: RHB Joe Padilla 0-0: Called Strike
0-1: Ball
1-1: Ball
2-1: Foul Ball, location: 2F
2-2: Ball
3-2: Foul Ball, location: 2F
3-2: Ground out 3-1 (Groundball, 34, EV 88.8 MPH)
Batting: RHB Nobuhiko Ohayashi 0-0: Ball
1-0: Ball
2-0: Swinging Strike
2-1: Swinging Strike
2-2: Ball
3-2: Strikes out swinging
Bottom of the 7th over - 0 runs, 0 hits, 0 errors, 0 left on base; Providence 7 - Ottawa 2
TOP OF THE 8TH
Providence Pilgrims batting - Pitching for Ottawa Nationals : RHP Travis Conklin
Batting: RHB Jesse McCoy 0-0: Ball
1-0: Foul Ball, location: 2F
1-1: Fly out, F6 (Line Drive, 6, EV 74.4 MPH)
Batting: RHB Keith Lynn 0-0: Swinging Strike
0-1: Ball
1-1: Ball
2-1: Foul Ball, location: 2F
2-2: Ball
3-2: Strikes out swinging
Batting: RHB Julián Vélez 0-0: SINGLE (Groundball, 6MD, EV 95.0 MPH)
Batting: RHB Barend Huijbregts 0-0: Called Strike
0-1: Ball
1-1: Ball
2-1: Called Strike
2-2: Fly out, F2 (Popup, 2RF, EV 77.5 MPH)
Top of the 8th over - 0 runs, 1 hit, 0 errors, 1 left on base; Providence 7 - Ottawa 2
BOTTOM OF THE 8TH
Ottawa Nationals batting - Pitching for Providence Pilgrims : LHP Teika Suto
Batting: LHB Knox Loposer 0-0: Ball
1-0: Foul Ball, location: 2F
1-1: Swinging Strike
1-2: Foul Ball, location: 2F
1-2: Ball
2-2: Foul Ball, location: 2F
2-2: Ball
3-2: Fly out, F7 (Line Drive, 7D, EV 86.9 MPH)
Batting: SHB Aristotle Auer 0-0: Called Strike
0-1: Ball
1-1: Ball
2-1: SINGLE (Groundball, 6MD, EV 105.0 MPH)
Pitching: RHP Ellis Gedge
Batting: SHB Marcos Román 0-0: Ball
1-0: Ball
2-0: Ball
3-0: Base on Balls
Aristotle Auer to second
Batting: RHB Imbart Baars 0-0: Called Strike
0-1: Ball
1-1: Foul Ball, location: 2F
1-2: Foul Ball, location: 2F
1-2: Ball
2-2: Strikes out swinging
Batting: LHB Tony McMillan 0-0: Ball
1-0: Swinging Strike
1-1: Swinging Strike
1-2: Ball
2-2: Foul Ball, location: 2F
2-2: Foul Ball, location: 2F
2-2: Foul Ball, location: 2F
2-2: 3-RUN HOME RUN (Flyball, 9D, EV 91.9 MPH), Distance : 360 ft
Batting: RHB Hulama Yani 0-0: Ball
1-0: SINGLE (Groundball, 34D, EV 105.0 MPH)
Batting: RHB Michael Collier 0-0: Ball
1-0: Called Strike
1-1: Called Strike
1-2: Foul Ball, location: 2F
1-2: Ball
2-2: Ball
3-2: SINGLE (Line Drive, 4, EV 71.2 MPH) (infield hit)
Hulama Yani to second
Pitching: RHP Lúcio Salas
Batting: RHB Joe Padilla 0-0: Ball
1-0: Ball
2-0: Called Strike
2-1: Ground out 5-3 (Groundball, 56S, EV 90.0 MPH)
Bottom of the 8th over - 3 runs, 4 hits, 0 errors, 2 left on base; Providence 7 - Ottawa 5
TOP OF THE 9TH
Providence Pilgrims batting - Pitching for Ottawa Nationals : RHP Travis Conklin
Batting: RHB Carlos González 0-0: Ball
1-0: Foul Ball, location: 2F
1-1: Ball
2-1: Called Strike
2-2: Ball
3-2: Strikes out swinging, 2-3 out at first.
Batting: RHB Chris Hall 0-0: Ball
1-0: Fly out, F3 (Popup, 3S, EV 71.9 MPH)
Batting: RHB Frank Ray 0-0: Called Strike
0-1: Swinging Strike
0-2: Foul Ball, location: 2F
0-2: Ball
1-2: Strikes out looking
Top of the 9th over - 0 runs, 0 hits, 0 errors, 0 left on base; Providence 7 - Ottawa 5
BOTTOM OF THE 9TH
Ottawa Nationals batting - Pitching for Providence Pilgrims : RHP Lúcio Salas
Pitching: RHP Bernard Hewer
Now at 2B: Mario Ramírez
Batting: RHB Nobuhiko Ohayashi 0-0: Ball
1-0: Ball
2-0: Ground out 5-3 (Groundball, 5S, EV 88.8 MPH)
Batting: LHB Knox Loposer 0-0: Ball
1-0: Ball
2-0: Fly out, F8 (Flyball, 8RS, EV 90.0 MPH)
Batting: SHB Aristotle Auer 0-0: Ball
1-0: Ball
2-0: Foul Ball, location: 2F
2-1: Ball
3-1: Base on Balls
Batting: SHB Marcos Román 0-0: Swinging Strike
0-1: Ball
1-1: Called Strike
1-2: Ball
2-2: Strikes out swinging
Bottom of the 9th over - 0 runs, 0 hits, 0 errors, 1 left on base; Providence 7 - Ottawa 5
Friday, March 26th, 2021 - OOTP Baseball 20.8 Build 74